 Dungeon Crawl Stone Soup version 0.23-a0-183-gf37f6fb (webtiles) character file.

7364 mhoghedin the Archer (level 10, -12/96 HPs)
             Began as a Centaur Hunter on Sept 22, 2018.
             Was an Elder of Dithmenos.
             Mangled by a death yak (25 damage)
             ... on level 9 of the Dungeon.
             The game lasted 00:16:49 (10340 turns).

mhoghedin the Archer (Centaur Hunter)              Turns: 10340, Time: 00:16:50

Health: -12/96     AC: 10    Str: 15    XL:     10   Next: 91%
Magic:  10/10      EV: 14    Int: 14    God:    Dithmenos [****..]
Gold:   461        SH:  0    Dex: 11    Spells: 9/9 levels left

rFire    . . .     SeeInvis .   b - +10 zealot's sword {holy, *Rage rN+ EV+3}
rCold    . . .     Gourm    .   (no shield)
rNeg     + . .     Faith    .   Q - +1 robe of Tiorykkar {+Fly Int+2}
rPois    .         Spirit   .   r - +0 helmet
rElec    .         Reflect  .   w - +0 cloak
rCorr    .         Harm     .   n - +0 pair of gloves
MR       .....     Rnd*Rage +   (no barding)
Stlth    +.........             o - amulet of the acrobat
HPRegen  0.26/turn              s - +2 ring of intelligence
MPRegen  0.12/turn              O - ring of flight {+Fly, !d}

@: wreathed by umbra, very quick
A: large, hooves 3, molten scales 1, deformed body, speed 2, screaming 1, tough
skin 3, weak 1, evolution 1
a: Shadow Step, Renounce Religion, Evoke Flight


You were on level 9 of the Dungeon.
You worshipped Dithmenos.
Dithmenos was greatly pleased with you.
You were not hungry.

You visited 1 branch of the dungeon, and saw 9 of its levels.

You collected 461 gold pieces.

Inventory:

Hand Weapons
 a - a +2 shortbow
 b - the +10 zealot's sword (weapon) {holy, *Rage rN+ EV+3}
   (You found it on level 8 of the Dungeon)

   It has been blessed by the Shining One to cause great damage to the undead
   and demons.
   It affects your evasion (+3).
   It protects you from negative energy.
   It may make you go berserk in combat.
Missiles
 d - 49 arrows
 I - 2 throwing nets {=f, !d}
Armour
 n - a +0 pair of gloves (worn)
   (You found it on level 2 of the Dungeon)
 r - a +0 helmet (worn)
   (You found it on level 3 of the Dungeon)
 w - a +0 cloak (worn)
   (You found it on level 5 of the Dungeon)
 Q - the +1 robe of Tiorykkar (worn) {+Fly Int+2}
   (You found it on level 8 of the Dungeon)

   It affects your intelligence (+2).
   It lets you fly.
Jewellery
 k - an uncursed amulet of the gourmand {Gourm, !d}
   (You found it on level 1 of the Dungeon)
 o - an amulet of the acrobat (around neck)
   (You found it on level 2 of the Dungeon)
 s - a +2 ring of intelligence (left hand)
   (You found it on level 3 of the Dungeon)
 C - an uncursed ring of wizardry {Wiz+, !d}
   (You found it on level 6 of the Dungeon)
 O - a ring of flight (right hand) {+Fly, !d}
   (You found it on level 8 of the Dungeon)
 P - an uncursed ring of poison resistance {rPois, !d}
   (You found it on level 8 of the Dungeon)
Wands
 A - a wand of enslavement (13)
   (You found it on level 4 of the Dungeon)
 D - a wand of acid (2)
   (You found it on level 6 of the Dungeon)
 E - a wand of polymorph (12)
   (You found it on level 6 of the Dungeon)
 L - a wand of paralysis (10)
   (You found it on level 7 of the Dungeon)
 M - a wand of random effects (19)
   (You found it on level 7 of the Dungeon)
Scrolls
 e - a scroll of immolation {!r}
 g - 4 scrolls of magic mapping {!r}
 i - a scroll of teleportation
 m - 3 scrolls of remove curse
 p - a scroll of blinking {!r}
 v - a scroll of noise {!r}
 y - a scroll of vulnerability {!r!r}
 K - 2 scrolls of identify
Potions
 j - 2 potions of lignification {!q}
 l - a potion of mutation {!q}
 q - a potion of berserk rage {!q}
 z - 2 potions of curing
Comestibles
 c - 3 chunks of flesh {@w0}
 f - 12 rations


   Skills:
 + Level 11.2 Fighting
 + Level 5.2 Long Blades
 - Level 13.8 Bows
 + Level 3.5 Dodging
 - Level 0.4 Stealth


You had 9 spell levels left.
You didn't know any spells.
Your spell library contained the following spells:

 Spells                   Type           Power        Failure   Level  Hunger
 Freeze                   Ice            #...         28%         1    ##.....
 Magic Dart               Conj           #...         28%         1    ##.....
 Blink                    Tloc           N/A          41%         2    ###....
 Call Imp                 Summ           #.......     41%         2    ###....
 Corpse Rot               Necr           N/A          41%         2    ###....
 Slow                     Hex            #.......     41%         2    ###....
 Throw Frost              Conj/Ice       #.....       41%         2    ###....
 Conjure Flame            Conj/Fire      #.......     65%         3    ####...
 Mephitic Cloud           Conj/Pois/Air  #.......     65%         3    ####...
 Ozocubu's Armour         Chrm/Ice       #.......     65%         3    ####...
 Stone Arrow              Conj/Erth      #.....       65%         3    ####...
 Leda's Liquefaction      Hex/Erth       #.........   96%         4    #####..
 Summon Ice Beast         Ice/Summ       #.......     96%         4    #####..
 Throw Icicle             Conj/Ice       #.......     96%         4    #####..
 Summon Forest            Summ/Tloc      #.........   100%        5    ######.
 Hydra Form               Tmut           #.........   100%        6    #######
 Summon Hydra             Summ           #.........   100%        7    #######


Dungeon Overview and Level Annotations

Branches:
Dungeon (9/15)             Temple (0/1) D:4
   Lair: D:8-11         Orc: D:9-12

Altars:
Dithmenos
Hepliaklqana
Nemelex Xobeh
The Shining One

Shops:
D:5 [   D:6 ?[


Innate Abilities, Weirdness & Mutations

You have hooves in place of feet.
Armour fits poorly on your strangely shaped body.
You cover ground very quickly.
You have extremely tough skin. (AC +3)
You are partially covered in molten scales. (AC +2)
You occasionally shout uncontrollably at your foes.
You are weak. (Str -2)
You evolve.


Message History

The death yak snorts and paws the ground.
The +10 zealot's sword {holy, *Rage rN+ EV+3} stops glowing.
a - a +2 shortbow (weapon)
Firing (i - inventory. (/) - cycle)
d - 62 arrows (quivered)
Aim: a death yak (umbra)
You shoot an arrow.
The arrow hits the death yak but does no damage.
Your shadow shoots an arrow.
The arrow barely misses the death yak.
The arrow hits the death yak but does no damage.
The arrow disappears in a puff of smoke!
Firing (i - inventory. (/) - cycle)
d - 61 arrows (quivered)
Aim: a death yak (umbra)
You shoot an arrow.
The arrow hits the death yak but does no damage.
Firing (i - inventory. (/) - cycle)
d - 60 arrows (quivered)
Aim: a death yak (umbra)
You shoot an arrow. The arrow hits the death yak.
Firing (i - inventory. (/) - cycle)
d - 59 arrows (quivered)
Aim: a death yak (lightly wounded, umbra)
You shoot an arrow.
The arrow hits the death yak but does no damage.
Firing (i - inventory. (/) - cycle)
d - 58 arrows (quivered)
Aim: a death yak (lightly wounded, umbra)
You shoot an arrow. The arrow hits the death yak.
Firing (i - inventory. (/) - cycle)
d - 57 arrows (quivered)
Aim: a death yak (lightly wounded, umbra)
You shoot an arrow. The arrow hits the death yak!
Firing (i - inventory. (/) - cycle)
d - 56 arrows (quivered)
Aim: a death yak (lightly wounded, umbra)
You shoot an arrow. The arrow barely misses the death yak.
The arrow hits the death yak!
Firing (i - inventory. (/) - cycle)
d - 55 arrows (quivered)
Aim: a death yak (lightly wounded, umbra)
You shoot an arrow. The arrow hits the death yak!
The death yak gores you!
You take 14 damage, and have 78/95 hp.
Firing (i - inventory. (/) - cycle)
d - 54 arrows (quivered)
Aim: a death yak (moderately wounded, umbra)
You shoot an arrow. The arrow hits the death yak!
Firing (i - inventory. (/) - cycle)
d - 53 arrows (quivered)
Aim: a death yak (heavily wounded, umbra)
You shoot an arrow.
The arrow barely misses the death yak. x2
Firing (i - inventory. (/) - cycle)
d - 52 arrows (quivered)
Aim: a death yak (heavily wounded, umbra)
You shoot an arrow.
The arrow hits the death yak but does no damage.
Firing (i - inventory. (/) - cycle)
d - 51 arrows (quivered)
Aim: a death yak (heavily wounded, umbra)
You shoot an arrow.
The arrow hits the death yak but does no damage.
You swap places.
The death yak closely misses the freed slave.
Firing (i - inventory. (/) - cycle)
d - 50 arrows (quivered)
Aim: a death yak (heavily wounded, umbra) Really fire in the non-hostile freed slave's direction?
Okay, then.
Unknown command.
The death yak gores the freed slave!!
The freed slave dies!
Things that are here:
an enchanted long sword; a robe Firing (i - inventory. (/) - cycle)
d - 50 arrows (quivered)
Aim: a death yak (moderately wounded, umbra)
You shoot an arrow.
The arrow hits the death yak but does no damage.
Items here: )) [[[[[ ÷ † The +10 zealot's sword {holy, *Rage rN+ EV+3} softly glows with a divine
b - the +10 zealot's sword (weapon)
{holy, *Rage rN+ EV+3}
Aim: a death yak (moderately wounded, umbra)
The bolt of acid hits the death yak.
The death yak is splashed with acid.
The acid corrodes the death yak!
The bolt of acid hits the death yak.
The death yak is splashed with acid.
The acid corrodes the death yak!
You slice the death yak!! The death yak gores you!!
You take 23 damage, and have 59/95 hp.
MASSIVE DAMAGE!!
You slash the death yak! You kick the death yak.
You kill the death yak!
Dithmenos accepts your kill.
Your Long Blades skill increases to level 5!
You barely miss the death yak. The death yak barely misses you.
You hit the death yak. The death yak gores you!
You take 16 damage, and have 44/96 hp.
You slash the death yak! The death yak gores you!!
* * * LOW HITPOINT WARNING * * *
You take 20 damage, and have 24/96 hp.
MASSIVE DAMAGE!!
You barely miss the death yak. You kick the death yak!
The death yak is no longer covered in acid.
The death yak gores you but does no damage.
Aim: a death yak (heavily wounded, umbra)
The bolt of acid hits the death yak.
The death yak is splashed with acid.
The acid corrodes the death yak!
The death yak gores you!
* * * LOW HITPOINT WARNING * * *
You take 12 damage, and have 12/96 hp.
Aim: a death yak (severely wounded, covered in acid, umbra)
The bolt of acid hits the death yak.
The death yak is splashed with acid.
The acid corrodes the death yak!
The death yak closely misses you.
You riposte.
You barely miss the death yak.
You kick the death yak, but do no damage.
You barely miss the death yak. The death yak gores you!!
You die...

#..........).#
#.###.####.#)#
#.###.####.#.#####
.....(.(..(..Y.[.#
#.###.####.#.###.#
#.# #(# #.#.#<#.#
#.# #Y# #.#.#.#.#
#.# #(# #.#.#.#Y#
#.# #(# #.#.#.#@#
..# #.# #.#.#.#.#
..# #.# #.#.#...#
#(# ##### #(# #.#
#.# #.# ...


You could see a death yak.

Vanquished Creatures
  A hydra (D:8)
  A death yak (D:9)
  Pikel (D:9)
  The ghost of Gildeon the Destroyer, a novice DECj of Vehumet (D:8)
  A manticore (D:9)
  An ugly thing (D:8)
  A polar bear (D:8)
  A hippogriff (D:8)
  3 spriggans (D:8)
  A hungry ghost (D:8)
  3 orc warriors (D:8)
  An ice beast (D:8)
  2 sky beasts
  2 black bears (D:8)
  3 slaves (D:9)
  4 ogres
  2 centaurs
  A crocodile (D:8)
  A big kobold (D:5)
  3 bullfrogs
  A wyvern zombie (D:8)
  2 scorpions
  10 wights
  2 howler monkeys
  3 crimson imps
  A centaur zombie (D:8)
  A quasit (D:6)
  5 orc priests
  3 hounds
  A centaur skeleton (D:4)
  2 jellies
  7 orc wizards
  An iguana (D:4)
  7 worker ants
  A howler monkey skeleton (D:8)
  A worker ant zombie (D:8)
  10 gnolls
  5 adders
  2 shadow imps
  2 oozes
  An adder skeleton (D:5)
  2 worms (D:5)
  2 dart slugs
  7 leopard geckos
  28 orcs
  3 ball pythons
  3 giant cockroaches
  9 goblins
  3 hobgoblins
  10 jackals
  A quokka (D:4)
  4 bats
  4 frilled lizards
  A jackal zombie (D:5)
  11 kobolds
  2 leopard gecko zombies
  8 rats
200 creatures vanquished.

Vanquished Creatures (others)
  A slave (D:9)
  11 fungi (D:4)
  A plant (D:8)
13 creatures vanquished.

Grand Total: 213 creatures vanquished

Notes
Turn   | Place    | Note
-------+----------+-------------------------------------------
     0 | D:1      | mhoghedin the Centaur Hunter began the quest for the Orb.
     0 | D:1      | Reached XP level 1. HP: 17/17 MP: 1/1
    74 | D:1      | Reached XP level 2. HP: 8/25 MP: 2/2
   612 | D:1      | Reached skill level 6 in Bows
   645 | D:1      | Reached XP level 3. HP: 30/30 MP: 3/3
   848 | D:2      | Reached skill level 3 in Fighting
   865 | D:2      | HP: 2/31 [gnoll/halberd (16)]
   876 | D:2      | Reached XP level 4. HP: 3/38 MP: 4/4
  1316 | D:2      | Found a shadowy altar of Dithmenos.
  1327 | D:2      | Became a worshipper of Dithmenos the Shadowed
  2048 | D:3      | You fall through a shaft for 2 floors!
  2048 | D:5      | Entered Level 5 of the Dungeon
  2048 | D:5      | Found a hazy altar of Hepliaklqana.
  2064 | D:5      | Reached * piety under Dithmenos
  2064 | D:5      | Reached skill level 7 in Bows
  2064 | D:5      | Reached XP level 5. HP: 17/46 MP: 5/5
  2066 | D:5      | Reached skill level 4 in Fighting
  2545 | D:5      | Reached XP level 6. HP: 40/53 MP: 6/6
  2773 | D:5      | Reached skill level 8 in Bows
  2781 | D:5      | Reached skill level 5 in Fighting
  2801 | D:5      | HP: 14/56 [adder skeleton (2)]
  3415 | D:5      | Reached XP level 7. HP: 36/61 MP: 7/7
  3704 | D:5      | HP: 11/61 [something (5)]
  3705 | D:5      | HP: 5/61 [something (5)]
  3706 | D:5      | Reached skill level 9 in Bows
  4310 | D:4      | Reached skill level 6 in Fighting
  4597 | D:4      | Reached ** piety under Dithmenos
  4823 | D:4      | Found a staircase to the Ecumenical Temple.
  5036 | D:4      | Found a sparkling altar of Nemelex Xobeh.
  5036 | D:4      | Found a glowing golden altar of the Shining One.
  5096 | D:4      | Reached skill level 10 in Bows
  5100 | D:4      | Reached XP level 8. HP: 70/71 MP: 8/8
  5663 | D:3      | Reached skill level 7 in Fighting
  5901 | D:6      | Found Oqit's Armour Shoppe.
  6537 | D:6      | Reached skill level 11 in Bows
  6865 | D:6      | Found Zuasein's Magic Scroll Boutique.
  6880 | D:6      | Reached skill level 8 in Fighting
  7138 | D:7      | Reached *** piety under Dithmenos
  7520 | D:7      | Reached XP level 9. HP: 82/82 MP: 9/9
  7686 | D:8      | Reached skill level 12 in Bows
  7843 | D:8      | Reached skill level 9 in Fighting
  8078 | D:8      | Noticed a red ugly thing
  8155 | D:8      | HP: 20/83 [orc wizard/magic dart (5)]
  8162 | D:8      | Killed a red ugly thing
  8169 | D:8      | HP: 19/85 [orc wizard/magic dart (4)]
  8211 | D:8      | Reached skill level 13 in Bows
  8823 | D:8      | Found the +10 zealot's sword {holy, *Rage rN+ EV+3}
  8835 | D:8      | Got a creamy pearl robe
  8881 | D:8      | Noticed a five-headed hydra
  8925 | D:8      | HP: 21/85 [five-headed hydra (10)]
  8939 | D:8      | Killed a five-headed hydra
  8939 | D:8      | Reached skill level 10 in Fighting
  8939 | D:8      | Reached XP level 10. HP: 24/94 MP: 10/10
  8941 | D:8      | HP: 18/94 [bullfrog (7)]
  9375 | D:8      | Reached skill level 1 in Long Blades
  9387 | D:8      | Identified the cursed +1 robe of Tiorykkar {+Fly Int+2}
                  | (You found it on level 8 of the Dungeon)
  9669 | D:8      | Reached skill level 2 in Long Blades
  9737 | D:8      | Found a runed door.
  9738 | D:8      | Noticed Gildeon's ghost (novice DECj)
  9775 | D:8      | Reached skill level 3 in Long Blades
  9793 | D:8      | Killed Gildeon's ghost
  9793 | D:8      | Reached skill level 4 in Long Blades
  9793 | D:8      | Reached skill level 2 in Dodging
  9796 | D:8      | Reached **** piety under Dithmenos
  9847 | D:8      | Got a steaming trident {holy}
  9848 | D:8      | Identified the +6 trident of Eternal Night {holy, Dex+3}
                  | (You took it off a spriggan on level 8 of the Dungeon)
 10128 | D:8      | Gained mutation: You are covered in fur. (AC +1) [potion of
                  | mutation]
 10128 | D:8      | Gained mutation: You tend to lose your temper in combat.
                  | [potion of mutation]
 10128 | D:8      | Gained mutation: Potions are less effective at restoring
                  | your health. [potion of mutation]
 10128 | D:8      | Gained mutation: Your muscles are strong. (Str +2) [potion
                  | of mutation]
 10129 | D:8      | Lost mutation: You tend to lose your temper in combat.
                  | [potion of mutation]
 10129 | D:8      | Lost mutation: Potions are less effective at restoring your
                  | health. [potion of mutation]
 10129 | D:8      | Lost mutation: You are covered in fur. (AC +1) [potion of
                  | mutation]
 10129 | D:8      | Lost mutation: Your muscles are strong. (Str +2) [potion of
                  | mutation]
 10129 | D:8      | Gained mutation: You are frail. (-10% HP) [potion of
                  | mutation]
 10129 | D:8      | Gained mutation: You tend to lose your temper in combat.
                  | [potion of mutation]
 10129 | D:8      | Gained mutation: You passively map a small area around you.
                  | [potion of mutation]
 10130 | D:8      | Lost mutation: You tend to lose your temper in combat.
                  | [potion of mutation]
 10130 | D:8      | Lost mutation: You are frail. (-10% HP) [potion of
                  | mutation]
 10130 | D:8      | Lost mutation: You passively map a small area around you.
                  | [potion of mutation]
 10130 | D:8      | Gained mutation: You occasionally shout uncontrollably at
                  | your foes. [potion of mutation]
 10130 | D:8      | Gained mutation: You are weak. (Str -2) [potion of
                  | mutation]
 10130 | D:8      | Gained mutation: You are partially covered in molten
                  | scales. (AC +2) [potion of mutation]
 10130 | D:8      | Gained mutation: You evolve. [potion of mutation]
 10158 | D:9      | Noticed a manticore
 10165 | D:9      | Killed a manticore
 10176 | D:9      | Noticed Pikel
 10233 | D:9      | Killed Pikel
 10233 | D:9      | Reached skill level 11 in Fighting
 10233 | D:9      | Reached skill level 3 in Dodging
 10286 | D:9      | Noticed a death yak
 10287 | D:9      | Noticed a death yak
 10333 | D:9      | Killed a death yak
 10333 | D:9      | Reached skill level 5 in Long Blades
 10336 | D:9      | HP: 24/96 [death yak (21)]
 10340 | D:9      | Mangled by a death yak

Vault maps used:
D:1:      dpeg_arrival_houses_and_road
D:2:      grunt_dithmenos_smoke_and_mirrors
D:4:      gammafunk_temple_overflow_wave, minmay_temple_entry_nine_rooms,
          serial_aquarium, aquarium_bridge_square, aquarium_bridge_straight,
          aquarium_window_corridor_3, aquarium_window_1, aquarium_window_2,
          aquarium_window_fake, aquarium_view_2a
D:5:      overflow_temple_1_default, first_ration, minivault_27
D:6:      serial_shops, shop, nicolae_shop_stone
D:7:      grunt_ogre_cave
D:8:      minmay_the_grid_plus, ebering_ghost_funeral_grove
D:9:      minitemple, dpeg_lair_monsters, orc_0_dummy, basic_altar,
          minivault_11, uniq_pikel

Skill      XL: |  1  2  3  4  5  6  7  8  9 10 |
---------------+-------------------------------+-----
Bows           | 6 7 8 10 11 13 | 13.8
Fighting       | 3 4 5 6 8 10 11 | 11.2
Long Blades    | 5 |  5.2
Dodging        | 3 |  3.5
Stealth        | |  0.4

Action                   |  1- 3 |  4- 6 |  7- 9 | 10-12 || total
-------------------------+-------+-------+-------+-------++-------
Melee: Short sword       |     7 |    38 |    49 |       ||    94
       Kick              |       |    17 |    41 |    17 ||    75
       Dagger            |       |       |   111 |     1 ||   112
       Eudemon blade     |       |       |       |    69 ||    69
 Fire: Shortbow          |    78 |   165 |   252 |    52 ||   547
Evoke: Wand              |       |       |     2 |     6 ||     8
  Use: Potion            |       |       |     1 |    11 ||    12
       Scroll            |       |       |       |    13 ||    13
  Eat: Chunk             |       |     2 |     5 |       ||     7
       Ration            |       |     1 |     3 |     2 ||     6
Armor: Leather armour    |     9 |    30 |    38 |     1 ||    78
       Robe              |       |       |       |    17 ||    17
       Skin              |       |       |       |     8 ||     8
Dodge: Dodged            |    15 |    49 |   134 |    44 ||   242
       Rpst.: Eudemon blade |       |       |       |     6 ||     6

Table legend:
 A = Non-vault XP
 B = Vault XP
 C = Vault XP percentage of total XP
 D = Non-vault monster count
 E = Vault monster count
 F = Vault count percentage of total count
                 A         B        C        D         E       F
            +---------+---------+-------+---------+---------+-------
      Total |    5936 |    4584 |  43.6 |     177 |      20 |  10.2
            +---------+---------+-------+---------+---------+-------
        D:1 |      49 |       0 |   0.0 |      22 |       0 |   0.0
        D:2 |      96 |       0 |   0.0 |      20 |       0 |   0.0
        D:3 |     158 |       0 |   0.0 |      23 |       0 |   0.0
        D:4 |     548 |       0 |   0.0 |      21 |       0 |   0.0
        D:5 |     841 |       0 |   0.0 |      37 |       0 |   0.0
        D:6 |     720 |       0 |   0.0 |      13 |       0 |   0.0
        D:7 |     368 |     109 |  22.9 |      12 |       1 |   7.7
        D:8 |    2286 |    2952 |  56.4 |      23 |      17 |  42.5
        D:9 |     870 |    1523 |  63.6 |       6 |       2 |  25.0
            +---------+---------+-------+---------+---------+-------

Vault maps used:
D:1:      dpeg_arrival_houses_and_road
D:2:      grunt_dithmenos_smoke_and_mirrors
D:4:      gammafunk_temple_overflow_wave, minmay_temple_entry_nine_rooms,
          serial_aquarium, aquarium_bridge_square, aquarium_bridge_straight,
          aquarium_window_corridor_3, aquarium_window_1, aquarium_window_2,
          aquarium_window_fake, aquarium_view_2a
D:5:      overflow_temple_1_default, first_ration, minivault_27
D:6:      serial_shops, shop, nicolae_shop_stone
D:7:      grunt_ogre_cave
D:8:      minmay_the_grid_plus, ebering_ghost_funeral_grove
D:9:      minitemple, dpeg_lair_monsters, orc_0_dummy, basic_altar,
          minivault_11, uniq_pikel

Table legend:
 A = Turns spent in this place as a percentage of turns spent in the entire game.
 B = Non-inter-level travel turns spent in this place as a percentage of non-inter-level travel turns spent in the entire game.
 C = Inter-level travel turns spent in this place as a percentage of turns spent in this place.
 D = Turns resting spent in this place as a percentage of non-inter-level travel turns spent in this place.
 E = Turns spent auto-exploring this place as a percentage of non-inter-level travel turns spent in this place.
 F = Non-inter-level travel turns spent in this place divided by the number of levels of this place that you've seen.
                   A       B       C       D       E      F
               +-------+-------+-------+-------+-------+----------------------
         Total | 100.0 | 100.0 |   2.9 |  31.7 |  50.4 | 1116.1
       Dungeon | 100.0 | 100.0 |   2.9 |  31.7 |  50.4 | 1116.1
               +-------+-------+-------+-------+-------+----------------------

Table legend:
 A = Kills in this place as a percentage of kills in entire the game.
 B = Kills by you in this place as a percentage of kills by you in the entire game.
 C = Kills by friends in this place as a percentage of kills by friends in the entire game.
 D = Other kills in this place as a percentage of other kills in the entire game.
 E = Experience gained in this place as a percentage of experience gained in the entire game.
 F = Experience gained in this place divided by the number of levels of this place that you have seen.
                   A       B       C       D       E      F
               +-------+-------+-------+-------+-------+----------------------
         Total | 100.0 | 100.0 |   N/A |   N/A | 100.0 | 1168.9
       Dungeon | 100.0 | 100.0 |   N/A |   N/A | 100.0 | 1168.9
               +-------+-------+-------+-------+-------+----------------------
